 Dungeon Crawl Stone Soup version 0.21.1-1-g345015f (webtiles) character file.

31425 suicidejoker the Covert (level 13, -27/115 HPs)
             Began as a Naga Assassin on Mar 4, 2018.
             Was a Priest of Cheibriados.
             Annihilated by Rupert
             ... wielding a +5 vampiric great sword
              (31 damage)
             ... on level 15 of the Dungeon on Mar 5, 2018.
             The game lasted 01:34:00 (14263 turns).

suicidejoker the Covert (Naga Assassin)            Turns: 14263, Time: 01:34:01

Health: -27/115    AC: 18    Str: 33    XL:     13   Next: 58%
Magic:  8/20       EV: 16    Int: 18    God:    Cheibriados [***...]
Gold:   813        SH:  0    Dex: 23    Spells: 10/22 levels left

rFire    + . .     SeeInvis +   a - +6 hand axe of the Evening {flame, rN++ Str+5}
rCold    + . .     Gourm    .   (no shield)
rNeg     + + .     Faith    .   r - +3 leather armour {rC+}
rPois    +         Spirit   .   (helmet restricted)
rElec    .         Reflect  .   F - scarf {cloud immunity}
rCorr    .         Harm     .   E - +2 pair of gloves
MR       +....                  i - +1 naga barding
Stlth    ++++++....             B - amulet of regeneration
HPRegen  0.69/turn              t - +4 ring of evasion
MPRegen  0.17/turn              d - ring of protection from fire

@: mighty, very slow
A: large, antennae 1, stinger 1, see invisible, deformed body, poison
resistance, slowness 2, slow metabolism 1, spit poison 1, constrict 1, AC +4
a: Spit Poison, Bend Time, Temporal Distortion, Renounce Religion


You were on level 15 of the Dungeon.
You worshipped Cheibriados.
Cheibriados was most pleased with you.
You were not hungry.

You visited 2 branches of the dungeon, and saw 16 of its levels.
You also visited: Labyrinth.

You collected 813 gold pieces.

Inventory:

Hand Weapons
 a - the +6 hand axe of the Evening (weapon) {flame, rN++ Str+5}
   (You found it on level 4 of the Dungeon)

   It has been specially enchanted to burn those struck by it, causing extra
   injury to most foes and up to half again as much damage against particularly
   susceptible opponents.
   Big, fiery blades are also staple armaments of hydra-hunters.
   It affects your strength (+5).
   It greatly protects you from negative energy.
 b - a +5 dagger of electrocution
 m - a +0 war axe of electrocution
 w - a +0 hand crossbow
 z - a +0 blowgun
 J - a +0 longbow of venom
 Z - the +5 demon whip "Spellbinder" {antimagic, MR+}
   (You took it off an orc on level 8 of the Dungeon)

   It reduces the magical energy of the wielder, and disrupts the spells and
   magical abilities of those hit.
   Natural abilities and divine invocations are not affected.
   It affects your resistance to hostile enchantments.
Missiles
 e - 88 poisoned needles
 f - 6 curare-tipped needles
 h - 28 tomahawks (quivered)
 l - 362 arrows
 p - 103 bolts
 Y - 3 poisoned tomahawks
Armour
 i - a +1 naga barding (worn)
 r - a +3 leather armour of cold resistance (worn)
 E - a +2 pair of gloves (worn)
 F - a scarf of cloud immunity (worn)
 Q - a +0 scale mail of magic resistance
 R - a +2 cloak
 U - a +1 plate armour of positive energy
 V - a +3 plate armour
Jewellery
 d - a ring of protection from fire (right hand)
 t - a +4 ring of evasion (left hand)
 v - an uncursed ring of fire
 B - an amulet of regeneration (around neck)
Wands
 y - a wand of flame (56)
 C - a wand of iceblast (9)
 D - a wand of disintegration (12)
 H - a wand of polymorph (17)
 M - a wand of paralysis (24)
 T - a wand of acid (32)
 X - a wand of digging (17)
Scrolls
 s - 3 scrolls of identify
 x - 2 scrolls of remove curse
 A - 3 scrolls of amnesia
 I - a scroll of fog
Potions
 n - a potion of flight
 o - 5 potions of lignification
 u - 2 potions of brilliance
 G - a potion of might
 K - a potion of cancellation
 P - 4 potions of agility
Books
 c - the Papyrus of Boosting Toxins
   (You found it on level 12 of the Dungeon)

   Spells                             Type                      Level
   a - Infusion                       Charms                       1
   b - Shroud of Golubria             Charms/Translocation         2
   c - Ozocubu's Armour               Charms/Ice                   3
   d - Ignite Poison                  Fire/Transmutation/Poison    3
   e - Excruciating Wounds            Charms/Necromancy            5
   f - Deflect Missiles               Charms/Air                   6
 j - a book of Debilitation

   Spells                             Type                      Level
   a - Corona                         Hexes                        1
   b - Slow                           Hexes                        2
   c - Inner Flame                    Hexes/Fire                   3
   d - Portal Projectile              Hexes/Translocation          3
   e - Cause Fear                     Hexes                        4
   f - Leda's Liquefaction            Hexes/Earth                  4
 L - the Compendium of Sinister Talismans
   (You found it on level 9 of the Dungeon)

   Spells                             Type                      Level
   a - Pain                           Necromancy                   1
   b - Swiftness                      Charms/Air                   2
   c - Death Channel                  Necromancy                   6
 O - a book of Flames

   Spells                             Type                      Level
   a - Flame Tongue                   Conjuration/Fire             1
   b - Throw Flame                    Conjuration/Fire             2
   c - Conjure Flame                  Conjuration/Fire             3
   d - Inner Flame                    Hexes/Fire                   3
   e - Sticky Flame                   Conjuration/Fire             4
   f - Fireball                       Conjuration/Fire             5
 S - a book of Clouds

   Spells                             Type                      Level
   a - Poisonous Vapours              Poison/Air                   2
   b - Mephitic Cloud                 Conjuration/Poison/Air       3
   c - Conjure Flame                  Conjuration/Fire             3
   d - Freezing Cloud                 Conjuration/Ice/Air          6
   e - Ring of Flames                 Charms/Fire                  7
Miscellaneous
 W - a phial of floods
Comestibles
 g - 37 rations


   Skills:
 + Level 7.0 Fighting
 + Level 7.0 Short Blades
 * Level 8.9 Axes
 - Level 1.7 Throwing
 + Level 3.3 Armour
 + Level 5.6 Dodging
 * Level 14.8 Stealth
 + Level 5.1 Spellcasting
 * Level 4.9 Conjurations
 + Level 6.4 Fire Magic
 * Level 5.4 Air Magic
 + Level 4.7 Poison Magic
 + Level 5.9 Invocations
 + Level 5.4 Evocations


You had 10 spell levels left.
You knew the following spells:

 Your Spells              Type           Power        Failure   Level  Hunger
a - Flame Tongue          Conj/Fire      ####.        1%          1    None
b - Mephitic Cloud        Conj/Pois/Air  ###.....     5%          3    ##.....
c - Fireball              Conj/Fire      ####......   36%         5    ######.
d - Ignite Poison         Fire/Tmut/Pois ###.....     10%         3    ##.....


Dungeon Overview and Level Annotations

Branches:
Dungeon (15/15)            Temple (1/1) D:5            Lair (0/6) D:9
    Orc (0/2) D:11         Vaults (0/5) D:13
 Depths: D:15

Altars:
Ashenzari
Cheibriados
Dithmenos
Elyvilon
Fedhas
Gozag
Hepliaklqana
Kikubaaqudgha
Makhleb
Nemelex Xobeh
Okawaru
Qazlal
Ru
Sif Muna
Trog
Uskayaw
Vehumet
Wu Jian
Xom
Yredelemnul
Zin
The Shining One
Beogh

Shops:
D:10 :

Portals:
Trove: D:11 (give 8 potions of agility)

Annotations:
D:15 Rupert


Innate Abilities, Weirdness & Mutations

You cannot wear boots.
Your serpentine skin is tough. (AC +4)
You have supernaturally acute eyesight. (SInv)
Armour fits poorly on your strangely shaped body.
Your system is resistant to poisons. (rPois)
You cover ground very slowly.
You have a slow metabolism.
You can spit poison.
You can use your snake-like lower body to constrict enemies.
You have a pair of small antennae on your head.
Your tail ends in a poisonous barb.


Message History

Press: ? - help, Shift-Dir - straight line, f/p - Rupert
Aim: Rupert, wielding a vampiric great sword and wearing a leather armour (severely wounded, constricted by you, berserk, fast, unusually strong)
Okay, then.
Evoke which item? (* to show all) (? for menu, Esc to quit)
Okay, then.
Okay, then.
Okay, then.
The flow of time bends around you.
Cheibriados rebukes Rupert.
Rupert seems to slow down.
You feel slightly more hungry.
You constrict Rupert! Rupert closely misses you.
Okay, then.
You hear a shout!
You warp the flow of time around you!
You feel somewhat more hungry.
Cheibriados lowers the support of your attributes as your movement quickens.
Okay, then.
You feel very mighty all of a sudden. Rupert hits you but does no damage.
Rupert hits you with a vampiric great sword!!
You die...

....(
.(...
###......
#......
#.#...
#..(#
#.@# ##@#
#..# #.##
.# #.# .#
#)## #.#
#..# ..#
##.##{
##..#
#..##
##...#
##..###
###.†..#


You could see Rupert (berserk).

Vanquished Creatures
  A minotaur (Lab)
  2 hydras
  A centaur warrior (D:14)
  10 two-headed ogres
  2 ogre magi
  The ghost of AlmostDecent the Grappler, a novice TrMo of Makhleb (D:9)
  A fire crab (shapeshifter) (D:13)
  2 unseen horrors
  Pikel (D:5)
  A flayed ghost (D:15)
  A deep elf mage (D:14)
  A wolf spider zombie (D:13)
  2 cyclopes
  A manticore (D:15)
  2 centaur zombies (D:10)
  Maurice (D:11)
  A gargoyle (D:15)
  2 kobold demonologists (D:14)
  A komodo dragon (D:9)
  A freezing wraith (D:15)
  2 hellwings (D:10)
  A queen bee (D:9)
  A troll (D:12)
  3 hippogriffs
  A meliai zombie (D:10)
  11 slime creatures
  A shadow (Lab)
  7 yaks
  A vampire (D:14)
  A wyvern (D:9)
  2 fire elementals (D:15)
  Sigmund (D:6)
  Eustachio (D:6)
  2 hungry ghosts (Lab)
  2 steam dragons (D:6)
  3 vampire mosquitoes (D:15)
  A soldier ant (D:12)
  A slave (D:5)
  3 sky beasts
  6 orc warriors
  2 ice beasts
  5 ogres
  A phantom (D:14)
  A necrophage (D:11)
  2 black bears
  7 centaurs
  2 big kobolds
  6 bullfrogs
  A wyvern skeleton (D:8)
  2 scorpions
  A water moccasin skeleton (D:7)
  20 killer bees (D:9)
  11 wights
  6 crimson imps
  2 bullfrog zombies
  3 hounds
  3 jellies
  9 orc wizards
  10 orc priests
  A bullfrog skeleton (D:10)
  5 centaur skeletons
  2 iguanas
  6 worker ants
  A hound skeleton (D:10)
  A mummy (D:6)
  A worker ant zombie (D:10)
  A howler monkey skeleton (D:11)
  10 adders
  4 gnolls (D:3)
  6 shadow imps
  2 oozes
  2 adder skeletons
  An adder zombie (D:9)
  3 worms
  A dart slug (D:1)
  5 leopard geckos
  62 orcs
  6 bats
  7 giant cockroaches
  5 hobgoblins
  4 jackals
  5 quokkas
  6 frilled lizards
  5 goblins
  2 hobgoblin zombies (D:6)
  A jackal skeleton (D:4)
  17 kobolds
  A kobold zombie (D:6)
  An orc zombie (D:6)
  10 rats
  A fungus (D:6)
365 creatures vanquished.

Vanquished Creatures (others)
  A centaur (D:5)
  A scorpion (D:5)
  An orc (D:5)
  2 plants (D:9)
  A withered plant (D:10)
6 creatures vanquished.

Grand Total: 371 creatures vanquished

Notes
Turn   | Place    | Note
-------+----------+-------------------------------------------
     0 | D:1      | suicidejoker the Naga Assassin began the quest for the Orb.
     0 | D:1      | Reached XP level 1. HP: 19/19 MP: 1/1
    51 | D:1      | Reached skill level 6 in Stealth
    81 | D:1      | Reached skill level 1 in Dodging
    81 | D:1      | Reached XP level 2. HP: 20/26 MP: 2/2
  1042 | D:2      | Reached XP level 3. HP: 32/32 MP: 3/3
  1220 | D:2      | Found a burning altar of Makhleb.
  1220 | D:2      | Found an ornate altar of the Wu Jian Council.
  1223 | D:2      | Found a shimmering altar of Xom.
  1223 | D:2      | Found an iron altar of Okawaru.
  1223 | D:2      | Found a basalt altar of Yredelemnul.
  1240 | D:2      | Found a stormy altar of Qazlal.
  1249 | D:2      | Found a shattered altar of Ashenzari.
  1579 | D:2      | Reached XP level 4. HP: 26/40 MP: 4/4
  1743 | D:2      | Reached skill level 7 in Stealth
  2224 | D:3      | Reached XP level 5. HP: 45/48 MP: 5/5
  2646 | D:3      | Reached skill level 8 in Stealth
  2994 | D:4      | Reached XP level 6. HP: 56/56 MP: 6/6
  3136 | D:4      | Got a fine hand axe
  3140 | D:4      | Identified the +6 hand axe of the Evening {flame, rN++ Str+5} (You found it on level 4 of the Dungeon)
  3511 | D:5      | Entered Level 5 of the Dungeon
  3568 | D:5      | Found a staircase to the Ecumenical Temple.
  3568 | D:5      | Noticed Pikel
  3568 | D:5      | Noticed a slave
  3568 | D:5      | Noticed a slave
  3568 | D:5      | Noticed a slave
  3568 | D:5      | Noticed a slave
  3575 | D:5      | Killed a slave
  3581 | D:5      | Paralysed by Pikel for 6 turns
  3593 | D:5      | Killed Pikel
  3593 | D:5      | Reached skill level 9 in Stealth
  3593 | D:5      | Reached XP level 7. HP: 36/63 MP: 7/7
  3601 | Temple   | Entered the Ecumenical Temple
  3690 | Temple   | Became a worshipper of Cheibriados the Contemplative
  3843 | D:5      | Reached XP level 8. HP: 64/72 MP: 8/8
  3891 | D:5      | Found an ancient bone altar of Kikubaaqudgha.
  4420 | D:6      | Learned a level 1 spell: Flame Tongue
  4437 | D:6      | Reached skill level 10 in Stealth
  4471 | D:6      | Noticed Eustachio
  4500 | D:6      | Killed Eustachio
  4623 | D:6      | Reached skill level 1 in Invocations
  4647 | D:6      | Noticed Sigmund
  4653 | D:6      | Killed Sigmund
  4653 | D:6      | Reached * piety under Cheibriados
  4653 | D:6      | Reached skill level 1 in Spellcasting
  4653 | D:6      | Reached skill level 1 in Evocations
  4691 | D:6      | Got a diamond-encrusted leather armour
  4702 | D:6      | Identified the cursed +1 leather armour of the Morning Star {Str+3 Slay-3} (You found it on level 6 of the Dungeon)
  4744 | D:6      | Reached XP level 9. HP: 61/79 MP: 9/11
  5032 | D:7      | Reached skill level 11 in Stealth
  5236 | D:7      | Reached skill level 1 in Fire Magic
  5351 | D:7      | Reached ** piety under Cheibriados
  5397 | D:7      | Reached skill level 5 in Axes
  5690 | D:7      | Reached skill level 5 in Short Blades
  5908 | D:8      | Reached skill level 5 in Fighting
  6041 | D:8      | Found a shattered altar of Ashenzari.
  6227 | D:8      | Found a hazy altar of Hepliaklqana.
  6238 | D:8      | Reached XP level 10. HP: 88/88 MP: 13/13
  6244 | D:8      | Reached *** piety under Cheibriados
  7085 | D:9      | Noticed a two-headed ogre
  7105 | D:9      | Killed a two-headed ogre
  7105 | D:9      | Reached skill level 12 in Stealth
  7109 | D:9      | HP: 3/88 [orc priest/divine providence (12)]
  7306 | D:9      | Noticed AlmostDecent's ghost (novice TrMo)
  7335 | D:9      | Reached **** piety under Cheibriados
  7590 | D:9      | Killed AlmostDecent's ghost
  7831 | D:9      | Identified the Compendium of Sinister Talismans
  7860 | D:9      | Found a staircase to the Lair.
  8037 | D:10     | Entered Level 10 of the Dungeon
  8095 | D:10     | Reached XP level 11. HP: 63/97 MP: 16/16
  8353 | D:10     | Reached skill level 13 in Stealth
  8353 | D:10     | Reached skill level 5 in Fire Magic
  8385 | D:10     | Reached skill level 1 in Armour
  8495 | D:10     | Gained mutation: You have a pair of small antennae on your head. [potion of mutation]
  8495 | D:10     | Gained mutation: Your tail ends in a poisonous barb. [potion of mutation]
  8664 | D:10     | Found King's Book Boutique.
  8731 | D:10     | Learned a level 3 spell: Mephitic Cloud
  9018 | D:11     | Found a labyrinth entrance.
  9027 | Lab      | Entered a labyrinth
  9268 | Lab      | Noticed a minotaur
  9276 | Lab      | Killed a minotaur
  9276 | Lab      | Reached skill level 1 in Conjurations
  9276 | Lab      | Reached skill level 1 in Poison Magic
  9412 | D:11     | Reached skill level 1 in Air Magic
  9445 | D:11     | Found a staircase to the Orcish Mines.
  9456 | D:11     | Found a roughly hewn altar of Beogh.
  9679 | D:11     | Found a portal to a secret trove of treasure.
 10070 | D:11     | Noticed a two-headed ogre
 10081 | D:11     | Killed a two-headed ogre
 10190 | D:11     | Noticed a cyclops
 10212 | D:11     | Killed a cyclops
 10221 | D:11     | Learned a level 5 spell: Fireball
 10311 | D:11     | Noticed Maurice
 10318 | D:11     | Killed Maurice
 10318 | D:11     | Reached skill level 5 in Invocations
 10523 | D:12     | Reached ***** piety under Cheibriados
 10629 | D:12     | Noticed a two-headed ogre
 10633 | D:12     | Noticed a two-headed ogre
 10633 | D:12     | Killed a two-headed ogre
 10633 | D:12     | Reached XP level 12. HP: 105/105 MP: 14/18
 10635 | D:12     | Noticed an ogre mage
 10636 | D:12     | Noticed a two-headed ogre
 10640 | D:12     | Reached skill level 5 in Dodging
 10641 | D:12     | Killed a two-headed ogre
 10649 | D:12     | Killed a two-headed ogre
 10654 | D:12     | Killed an ogre mage
 10959 | D:12     | Identified the Papyrus of Boosting Toxins
 10965 | D:12     | Learned a level 3 spell: Ignite Poison
 11058 | D:12     | Found a snail-covered altar of Cheibriados.
 11323 | D:13     | Noticed an ogre mage
 11331 | D:13     | Reached skill level 14 in Stealth
 11335 | D:13     | Killed an ogre mage
 11373 | D:13     | Found a gate to the Vaults.
 11443 | D:13     | Noticed a two-headed ogre
 11451 | D:13     | Killed a two-headed ogre
 11645 | D:13     | Noticed a two-headed ogre
 11648 | D:13     | Killed a two-headed ogre
 11691 | D:13     | Reached skill level 5 in Evocations
 11754 | D:13     | Noticed a two-headed ogre
 11762 | D:13     | Killed a two-headed ogre
 12579 | D:14     | Noticed a two-headed ogre
 12601 | D:14     | Killed a two-headed ogre
 12603 | D:14     | Gained mutation: You can use your snake-like lower body to constrict enemies. [Naga growth]
 12603 | D:14     | Reached XP level 13. HP: 93/114 MP: 8/20
 13146 | D:14     | Reached skill level 5 in Spellcasting
 13584 | D:15     | Entered Level 15 of the Dungeon
 13969 | D:15     | Reached skill level 5 in Air Magic
 14249 | D:15     | Noticed Rupert
 14261 | D:15     | HP: 3/115 [Rupert/vampiric great sword (14)]
 14263 | D:15     | Annihilated by Rupert

Skill      XL: |  1  2  3  4  5  6  7  8  9 10 11 12 13 |
---------------+----------------------------------------+-----
Stealth        | 6 7 8 9 10 11 12 13 14 | 14.8
Dodging        | 1 2 3 4 5 |  5.6
Short Blades   | 3 4 5 6 7 |  7.0
Fighting       | 3 4 5 6 7 |  7.0
Axes           | 2 3 4 5 6 7 8 |  8.9
Invocations    | 2 3 4 5 |  5.9
Spellcasting   | 1 2 3 4 5 |  5.1
Evocations     | 1 2 3 4 5 |  5.4
Fire Magic     | 2 4 5 6 |  6.4
Armour         | 1 2 3 |  3.3
Conjurations   | 2 4 |  4.9
Poison Magic   | 2 3 4 |  4.7
Air Magic      | 2 4 5 |  5.4
Throwing       | |  1.7

Action                   |  1- 3 |  4- 6 |  7- 9 | 10-12 | 13-15 || total
-------------------------+-------+-------+-------+-------+-------++-------
Melee: Dagger            |    21 |    26 |    61 |   238 |    66 ||   412
       Short sword       |    74 |   154 |       |       |       ||   228
       Hand axe          |       |    19 |   140 |   173 |    59 ||   391
       Tailslap          |       |       |       |    59 |    35 ||    94
       Constrict         |       |       |       |       |    20 ||    20
Throw: Javelin           |       |     3 |       |    39 |     6 ||    48
       Tomahawk          |       |       |       |    12 |    10 ||    22
 Cast: Flame Tongue      |       |       |     9 |    20 |     1 ||    30
       Mephitic Cloud    |       |       |       |    17 |     2 ||    19
       Ignite Poison     |       |       |       |     2 |     2 ||     4
       Fireball          |       |       |       |       |     1 ||     1
Invok: Slouch            |       |       |       |     6 |     4 ||    10
       Bend Time         |       |       |       |     1 |     1 ||     2
       Step From Time    |       |       |       |       |     1 ||     1
       Temporal Distorti |       |       |       |       |     1 ||     1
 Abil: Spit Poison       |       |       |       |    22 |     5 ||    27
Evoke: Wand              |       |       |       |     6 |       ||     6
  Use: Scroll            |     1 |       |    10 |    20 |     3 ||    34
       Potion            |       |       |       |    11 |     6 ||    17
 Stab: Sleeping          |     8 |    11 |    18 |    31 |    16 ||    84
       Distracted        |       |     1 |       |     3 |       ||     4
       Confused          |       |       |       |    11 |     1 ||    12
       Invisible         |       |       |       |     1 |       ||     1
  Eat: Chunk             |     1 |     5 |     8 |    14 |     1 ||    29
       Ration            |       |       |       |     1 |     2 ||     3
Armor: Robe              |    43 |    57 |    13 |       |       ||   113
       Leather armour    |       |       |    43 |    93 |    44 ||   180
       Skin              |       |       |       |     2 |       ||     2
       Scale mail        |       |       |       |     1 |       ||     1
Dodge: Dodged            |    49 |   167 |   146 |   319 |   101 ||   782
